Map: Cactus Valley LE (Void)

Players

BlueDragon - Winner!

  • Race: Protoss Protoss
  • League: Silver
  • Spawn Location: 7:00

Barlog

  • Race: Terran Terran
  • League: Silver
  • Spawn Location: 11:00

VOD

https://www.youtube.com/watch?v=viPALc1_j6k

Description

Time

  • Played on: March 14, 2017, 1:39 p.m.
  • Length: 19:37
Show
View Real Time Build Order
Export as new Build Order

BlueDragon Protoss - Winner!

Build Orders: Oracle Opening 

Get SALT Encoding   

  12  0:01  Probe (Chrono Boost)  
  13  0:12  Probe (Chrono Boost)  
  14  0:22  Probe (Chrono Boost)  
  14  0:24  Pylon  
  15  0:34  Assimilator  
  16  0:42  Probe (Chrono Boost)  
  16  0:46  Gateway  
  16  1:08  Probe (Chrono Boost)  
  16  1:09  Pylon  
  17  1:19  Probe (Chrono Boost)  
  17  1:20  Assimilator  
  18  1:30  Probe (Chrono Boost)  
  19  1:35  Cybernetics Core  
  19  1:40  Probe (Chrono Boost)  
  20  1:50  Pylon  
  20  1:51  Probe (Chrono Boost)  
  21  2:11  Probe (Chrono Boost)  
  22  2:15  Stargate  
  22  2:22  Probe (Chrono Boost)  
  23  2:24  Warp Gate  
  23  2:36  Pylon  
  23  2:41  Probe (Chrono Boost)  
  24  2:46  Gateway  
  24  2:54  Oracle  
  27  3:08  Stargate  
  27  3:30  Nexus, Oracle  
  27  4:10  Void Ray  
  31  4:20  Probe (Chrono Boost)  
  32  4:27  Pylon  
  32  4:28  Void Ray  
  37  4:32  Probe (Chrono Boost)  
  37  4:57  Void Ray  
  33  5:54  Probe x2 (Chrono Boost)  
  35  6:03  Twilight Council  
  35  6:05  Probe (Chrono Boost)  
  35  6:06  Probe (Chrono Boost)  
  37  6:15  Probe (Chrono Boost)  
  37  6:18  Probe (Chrono Boost)  
  39  6:23  Pylon  
  39  6:25  Pylon  
  39  6:27  Pylon  
  39  6:32  Probe x2 (Chrono Boost)  
  41  6:36  Zealot x2  
  45  6:42  Robotics Facility  
  45  6:55  Gateway  
  45  6:57  Gateway  
  45  7:00  Gateway  
  45  7:02  Gateway  
  45  7:03  Pylon  
  45  7:04  Nexus  
  45  7:05  Gateway  
  45  7:09  Probe x2 (Chrono Boost)  
  45  7:15  Assimilator  
  47  7:19  Assimilator  
  47  7:23  Pylon  
  47  7:24  Pylon  
  47  7:43  Stargate  
  47  7:44  Stargate  
  47  7:46  Probe x2 (Chrono Boost)  
  47  7:47  Stargate  
  49  7:58  Charge  
  49  8:00  Observer  
  50  8:11  Probe x2 (Chrono Boost)  
  52  8:17  Probe (Chrono Boost)  
  53  8:27  Probe (Chrono Boost)  
  53  8:29  Observer  
  55  8:35  Probe x2 (Chrono Boost)  
  55  8:38  Probe (Chrono Boost)  
  58  8:44  Void Ray, Robotics Bay  
  58  8:45  Void Ray, Probe (Chrono Boost)  
  68  8:48  Probe (Chrono Boost)  
  68  8:59  Probe (Chrono Boost)  
  69  9:09  Probe (Chrono Boost)  
  70  9:11  Probe x2 (Chrono Boost)  
  72  9:17  Assimilator  
  72  9:20  Probe (Chrono Boost)  
  72  9:21  Assimilator  
  73  9:30  Observer  
  74  9:34  Nexus  
  74  9:36  Void Ray  
  74  9:37  Void Ray  
  82  9:47  Probe x3 (Chrono Boost)  
  82  9:52  Pylon  
  85  9:54  Pylon  
  85  9:57  Void Ray  
  89  10:04  Observer  
  90  10:20  Assimilator  
  90  10:24  Probe x2 (Chrono Boost), Assimilator  
  90  10:25  Probe (Chrono Boost)  
  93  10:35  Mothership Core (Chrono Boost)  
  95  10:40  Fleet Beacon  
  95  10:50  Stargate  
  95  10:53  Stargate  
  95  10:55  Probe (Chrono Boost)  
  95  10:56  Probe x2 (Chrono Boost)  
  98  10:57  Stargate  
  98  11:01  Pylon  
  98  11:03  Pylon  
  98  11:05  Pylon  
  98  11:19  Probe x4 (Chrono Boost)  
  102  11:29  Probe (Chrono Boost)  
  102  11:31  Void Ray  
  103  11:38  Nexus  
  107  11:42  Assimilator  
  107  11:43  Assimilator  
  107  11:46  Void Ray  
  107  11:52  Void Ray  
  119  12:09  Probe x4 (Chrono Boost)  
  119  12:18  Carrier  
  119  12:19  Carrier  
  119  12:21  Probe (Chrono Boost)  
  120  12:27  Protoss Air Weapons Level 1  
  132  12:36  Carrier  
  132  12:43  Void Ray  
  142  13:02  Probe (Chrono Boost)  
  142  13:03  Carrier, Probe x2 (Chrono Boost)  
  145  13:12  Probe (Chrono Boost)  
  147  13:13  Probe (Chrono Boost)  
  147  13:15  Carrier, Probe (Chrono Boost)  
  160  13:33  Graviton Catapult  
  160  13:34  Carrier  
  166  13:56  Nexus  
  166  13:58  Pylon  
  166  13:59  Pylon  
  166  14:00  Carrier  
  166  14:01  Pylon  
  166  14:04  Void Ray  
  166  14:05  Void Ray  
  180  14:17  Protoss Air Armor Level 1  
  180  14:18  Carrier  
  186  14:57  Void Ray  
  186  14:58  Void Ray  
  186  15:04  Void Ray  
  198  15:53  Protoss Air Weapons Level 2  
  198  16:05  Assimilator  
  198  16:07  Assimilator  
  198  17:20  Nexus  
  159  19:03  Probe (Chrono Boost)  
  159  19:15  Probe (Chrono Boost)  
Show
View Real Time Build Order
Export as new Build Order

Barlog Terran 

Build Orders:  

Get SALT Encoding   

  12  0:05  SCV  
  13  0:17  SCV  
  14  0:25  Supply Depot  
  14  0:29  SCV  
  15  0:49  Barracks  
  15  0:51  Barracks  
  15  0:53  SCV  
  16  1:05  SCV  
  16  1:10  Supply Depot  
  17  1:17  SCV  
  18  1:24  Refinery  
  18  1:26  Refinery  
  18  1:29  SCV  
  19  1:38  Marine x2  
  21  1:42  SCV  
  22  1:54  SCV  
  23  1:56  Marine x2  
  25  2:06  SCV, Bunker  
  26  2:13  Marine  
  26  2:14  Marine  
  28  2:19  Factory  
  28  2:28  Supply Depot  
  28  2:39  Marine x2  
  30  3:03  Widow Mine  
  32  3:07  Armory  
  32  3:14  Marine x2, Starport  
  35  3:26  Supply Depot  
  34  3:40  Factory Tech Lab  
  34  3:52  Medivac  
  36  3:58  Thor  
  42  4:15  Orbital Command  
  42  4:17  Engineering Bay  
  42  4:56  Siege Tank  
  45  5:05  Missile Turret  
  45  5:10  Missile Turret  
  45  5:14  Medivac  
  47  6:12  Supply Depot  
  47  6:13  Missile Turret  
  47  6:23  Widow Mine  
  47  6:24  Marine x2  
  51  6:37  Hi-Sec Auto Tracking  
  51  6:41  Medivac  
  51  6:46  Barracks Tech Lab x2  
  53  6:52  Thor  
  59  7:08  Combat Shields  
  59  7:34  Terran Infantry Weapons Level 1, Factory  
  59  7:35  Terran Vehicle Weapons Level 1  
  59  8:04  Command Center  
  59  8:07  Missile Turret  
  59  8:27  Missile Turret  
  59  8:28  Factory Tech Lab  
  59  8:31  Marine x2  
  61  8:48  Missile Turret  
  61  8:49  Marauder x2  
  65  9:10  Widow Mine x2  
  65  9:15  Missile Turret  
  69  9:20  Orbital Command  
  69  9:29  Terran Vehicle And Ship Armor Level 1  
  69  9:30  Concussive Shells, Stimpack  
  69  9:36  Missile Turret  
  69  9:39  Siege Tank x2  
  75  9:58  SCV x2  
  77  10:02  Refinery  
  77  10:10  SCV x2  
  79  10:22  SCV  
  79  10:23  SCV  
  81  10:28  Refinery  
  81  10:41  Starport  
  81  10:46  Fusion Core  
  81  10:49  SCV x2  
  83  10:52  Missile Turret  
  83  11:01  SCV x2  
  85  11:12  Supply Depot  
  85  11:13  Missile Turret  
  85  11:18  Starport Tech Lab x2  
  85  11:26  Terran Ship Weapons Level 1  
  85  11:35  Missile Turret, Supply Depot  
  85  11:44  Battlecruiser x2  
  97  11:57  Missile Turret, Sensor Tower  
  97  12:11  Sensor Tower  
  97  12:29  Supply Depot  
  97  12:51  Battlecruiser x2  
  109  12:52  Supply Depot  
  109  13:09  Marine x2  
  111  13:27  Marine x2  
  113  13:42  Weapon Refit  
  113  13:45  Marine x2  
  113  13:46  Command Center  
  115  14:00  Battlecruiser x2  
  127  14:59  Refinery  
  127  15:05  Orbital Command  
  127  15:24  Battlecruiser  
  127  15:25  Refinery, Battlecruiser  
  139  15:37  Missile Turret  
  139  15:57  Missile Turret  
  139  16:13  Missile Turret  
  139  16:20  Marine  
  139  16:21  Marine  
  139  16:22  Missile Turret  
  141  16:29  Battlecruiser  
  147  16:34  Missile Turret  
  147  16:38  Marine  
  147  16:39  Marine  
  149  16:41  Battlecruiser  
  149  16:43  Missile Turret  
  155  16:55  Missile Turret  
  155  16:56  Marine x2  
  75  18:29  SCV  
  76  19:08  Supply Depot x2  
  76  19:10  Factory Tech Lab, Supply Depot  
  76  19:11  Supply Depot  
  76  19:12  Supply Depot  
  76  19:16  Supply Depot  
  46  19:30  Supply Depot  
  17  19:33  Supply Depot  
Tags
 
Add a new tag
Caveats
  • Supply blocks, unpowered buildings, or Contaminate may cause inaccurate times.
  • Supply counts are checked every 10 seconds.